 Dungeon Crawl Stone Soup version 0.23.0 (webtiles) character file.

Game seed: 12593374542157558032

2844 Kisielow the Arsonist (level 9, -20/54 HPs)
             Began as a Deep Elf Fire Elementalist on Feb 18, 2019.
             Was a Follower of Vehumet.
             Demolished by a two-headed ogre
             ... wielding a +0 giant spiked club
              (33 damage)
             ... on level 9 of the Dungeon on Feb 19, 2019.
             The game lasted 00:26:21 (9736 turns).

Kisielow the Arsonist (Deep Elf Fire Elementalist)  Turns: 9736, Time: 00:26:21

Health: -20/54     AC:  7    Str:  5    XL:     9   Next: 46%
Magic:  5/18       EV: 19    Int: 24    God:    Vehumet [*.....]
Gold:   446        SH:  0    Dex: 15    Spells: 6/18 levels left

rFire    + . .     SeeInvis .   t - +2 quarterstaff (protect)
rCold    . . .     Gourm    .   (shield currently unavailable)
rNeg     . . .     Faith    .   a - +0 robe
rPois    .         Spirit   .   (no helmet)
rElec    .         Reflect  .   (no cloak)
rCorr    .         Harm     .   f - +1 pair of gloves
MR       .....                  h - +2 pair of boots
Stlth    ++........             w - amulet of rage
HPRegen  0.18/turn              e - ring of protection from fire
MPRegen  0.16/turn              k - +3 ring of evasion

@: very slightly contaminated
A: no striking features
a: Renounce Religion, Evoke Berserk Rage


You were on level 9 of the Dungeon.
You worshipped Vehumet.
Vehumet was aware of your devotion.
You were not hungry.

You visited 2 branches of the dungeon, and saw 10 of its levels.

You collected 446 gold pieces.

Inventory:

Hand Weapons
 t - a +2 quarterstaff of protection (weapon)
Armour
 a - a +0 robe (worn)
 f - a +1 pair of gloves (worn)
 h - a +2 pair of boots (worn)
Jewellery
 e - a ring of protection from fire (left hand)
 g - an uncursed ring of poison resistance
 k - a +3 ring of evasion (right hand)
 n - an uncursed ring of resist corrosion
 q - an uncursed ring of positive energy
 w - an amulet of rage (around neck)
Wands
 r - a wand of paralysis (5)
 u - a wand of polymorph (1)
 v - a wand of scattershot (4)
 x - a wand of disintegration (9)
 y - a wand of random effects (14)
Scrolls
 b - a scroll of enchant weapon
 p - 4 scrolls of remove curse
 s - a scroll of magic mapping
Potions
 d - 2 potions of resistance
 i - 2 potions of curing
 j - 3 potions of lignification
 l - a potion of berserk rage
 m - 2 potions of brilliance
 o - a potion of flight {unknown}
 z - a potion of might {unknown}
 A - a potion of degeneration {unknown}
 B - 2 potions of haste {unknown}
Comestibles
 c - 18 rations
 C - 2 chunks of flesh


   Skills:
 - Level 5.0 Fighting
 - Level 7.0 Dodging
 - Level 2.4 Stealth
 - Level 5.0 Spellcasting
 + Level 6.8 Conjurations
 * Level 8.8 Fire Magic


You had 6 spell levels left.
You knew the following spells:

 Your Spells              Type           Power        Failure   Level  Hunger
e - Inner Flame           Hex/Fire       ####....     4%          3    ##.....
p - Apportation           Tloc           #.....       9%          1    None
q - Flame Tongue          Conj/Fire      #####        1%          1    None
r - Fireball              Conj/Fire      #####.....   10%         5    #####..
w - Throw Flame           Conj/Fire      #####.       1%          2    None

Your spell library contained the following spells:

 Spells                   Type           Power        Failure   Level  Hunger
 Sandblast                Erth           #.....       9%          1    None
 Conjure Flame            Conj/Fire      #####...     1%          3    ##.....
 Sticky Flame             Conj/Fire      #####...     3%          4    ####...
 Animate Skeleton         Necr           N/A          9%          1    None
 Confusing Touch          Hex            #.....       9%          1    None
 Pain                     Necr           #...         9%          1    None
 Summon Small Mammal      Summ           #...         9%          1    None
 Regeneration             Chrm/Necr      #.........   26%         3    ##.....
 Vampiric Draining        Necr           #.........   26%         3    ##.....
 Animate Dead             Necr           N/A          65%         4    ####...


Dungeon Overview and Level Annotations

Branches:
Dungeon (9/15)             Temple (1/1) D:6
   Lair: D:8-11         Orc: D:9-12

Altars:
Ashenzari
Cheibriados
Elyvilon
Fedhas
Gozag
Hepliaklqana
Kikubaaqudgha
Makhleb
Nemelex Xobeh
Okawaru
Qazlal
Ru
Trog
Uskayaw
Vehumet
Wu Jian
Xom
Yredelemnul
Zin
The Shining One

Annotations:
D:7 Harold


Message History

The two-headed ogre is heavily wounded.
The two-headed ogre hits you with a +0 giant spiked club! x2
* * * LOW HITPOINT WARNING * * *
Casting: Flame Tongue (safe; 1% risk of failure)
Confirm with . or Enter, or press ? or * to list all spells.
Aiming: Flame Tongue (safe; 1% risk of failure)
Press: ? - help, Shift-Dir - straight line, f/p - two-headed ogre
Aim: a two-headed ogre, wielding two +0 giant spiked clubs (heavily wounded)
The flame tongue hits the two-headed ogre.
The two-headed ogre is heavily wounded.
Casting: Flame Tongue (safe; 1% risk of failure)
Confirm with . or Enter, or press ? or * to list all spells.
Aiming: Flame Tongue (safe; 1% risk of failure)
Press: ? - help, Shift-Dir - straight line, f/p - two-headed ogre
Aim: a two-headed ogre, wielding two +0 giant spiked clubs (heavily wounded)
The flame tongue hits the two-headed ogre.
The two-headed ogre is heavily wounded.
The two-headed ogre hits you with a +0 giant spiked club!!
Ouch! That really hurt!
You die...

... ..
..##..#.......#
...#####..#..<....#
#..........).....#
###[...#.........#
#.##.#.>.......# ..
#..##........# ##
#.###........#
#######.....#...####
.......@.########
######.O.........
#..########. #.....#
##.##.# .... ...
#........#.#
#).....#.# #
#......#.#


You could see a two-headed ogre.

Vanquished Creatures
  A spriggan (D:8)
  Edmund (D:4)
  3 ice beasts
  A necrophage (D:9)
  A centaur (D:7)
  3 phantoms
  3 ogres
  A big kobold (D:8)
  2 bullfrogs
  3 scorpions
  4 wights (D:6)
  4 crimson imps
  A centaur zombie (D:5)
  2 quasits
  A bullfrog zombie (D:5)
  A centaur skeleton (D:4)
  2 hounds
  5 jellies
  2 bullfrog skeletons
  An orc priest (D:4)
  Jessica (D:2)
  2 iguanas (D:4)
  An orc wizard (D:4)
  6 worker ants
  4 gnolls (D:3)
  11 adders
  A howler monkey skeleton (D:4)
  5 shadow imps
  An ooze (D:3)
  An adder zombie (D:7)
  A worm (D:4)
  2 dart slugs
  4 leopard geckos
  6 orcs
  4 giant cockroaches
  8 goblins
  5 hobgoblins
  8 jackals
  5 quokkas
  7 bats
  A frilled lizard (D:3)
  12 kobolds
  2 leopard gecko skeletons
  A leopard gecko zombie (D:8)
  A quokka zombie (D:6)
  3 rats
145 creatures vanquished.

Notes
Turn   | Place    | Note
-------+----------+-------------------------------------------
     0 | D:1      | Kisielow the Deep Elf Fire Elementalist began the quest for
                  | the Orb.
     0 | D:1      | Reached XP level 1. HP: 10/10 MP: 6/6
   376 | D:1      | Reached XP level 2. HP: 15/15 MP: 5/8
   380 | D:1      | Learned a level 2 spell: Throw Flame
   986 | D:2      | Reached XP level 3. HP: 19/19 MP: 2/10
  1017 | D:2      | Learned a level 3 spell: Inner Flame
  1135 | D:2      | Found a sparkling altar of Nemelex Xobeh.
  1246 | D:2      | Noticed Jessica
  1250 | D:2      | Killed Jessica
  1397 | D:2      | Found a bloodstained altar of Trog.
  1406 | D:2      | Reached XP level 4. HP: 24/24 MP: 0/12
  1711 | D:2      | Found a sacrificial altar of Ru.
  1960 | D:3      | Reached skill level 5 in Spellcasting
  1960 | D:3      | Reached skill level 4 in Fire Magic
  2356 | D:3      | Reached XP level 5. HP: 27/28 MP: 0/14
  2366 | D:3      | Learned a level 5 spell: Fireball
  3310 | D:4      | Reached skill level 5 in Fire Magic
  3314 | D:4      | Noticed an ogre
  3734 | D:4      | Reached XP level 6. HP: 32/32 MP: 13/15
  3759 | D:4      | Noticed Edmund
  3769 | D:4      | Killed Edmund
  3769 | D:4      | Reached skill level 1 in Fighting
  4257 | D:4      | Reached XP level 7. HP: 29/39 MP: 11/16
  4481 | D:4      | Reached skill level 6 in Fire Magic
  5077 | D:4      | Reached skill level 5 in Dodging
  5364 | D:4      | Reached XP level 8. HP: 46/46 MP: 9/17
  5613 | D:5      | Entered Level 5 of the Dungeon
  5715 | D:4      | Learned a level 1 spell: Apportation
  6136 | D:5      | Reached skill level 5 in Conjurations
  6279 | D:5      | Found a snail-covered altar of Cheibriados.
  7100 | D:6      | Found a staircase to the Ecumenical Temple.
  7114 | Temple   | Entered the Ecumenical Temple
  7288 | Temple   | Became a worshipper of Vehumet
  7996 | D:6      | Reached skill level 7 in Fire Magic
  8044 | D:7      | Noticed Harold
  8100 | D:7      | Found an ancient bone altar of Kikubaaqudgha.
  8365 | D:8      | Found a hide-covered altar of Uskayaw.
  8389 | D:8      | Reached XP level 9. HP: 53/53 MP: 9/18
  8620 | D:8      | Reached * piety under Vehumet
  8620 | D:8      | Offered knowledge of Sandblast by Vehumet.
  8627 | D:8      | Reached skill level 5 in Fighting
  8917 | D:8      | Reached skill level 8 in Fire Magic
  9722 | D:9      | Noticed a two-headed ogre
  9736 | D:9      | Demolished by a two-headed ogre

Skill      XL: |  1  2  3  4  5  6  7  8  9 |
---------------+----------------------------+-----
Spellcasting   | 4 5 |  5.0
Conjurations   | 2 3 4 5 6 |  6.8
Fire Magic     | 4 5 6 7 8 |  8.8
Fighting       | 1 3 4 5 |  5.0
Dodging        | 3 5 7 |  7.0
Stealth        | |  2.4

Action                   |  1- 3 |  4- 6 |  7- 9 || total
-------------------------+-------+-------+-------++-------
Melee: Unarmed           |     4 |     1 |   138 ||   143
       Quarterstaff      |       |       |     2 ||     2
 Cast: Flame Tongue      |    30 |    47 |    89 ||   166
       Throw Flame       |    21 |    62 |   151 ||   234
       Inner Flame       |       |     3 |     5 ||     8
       Fireball          |       |       |     3 ||     3
Evoke: Wand              |       |       |    15 ||    15
  Use: Scroll            |       |     8 |    15 ||    23
       Potion            |       |       |     2 ||     2
  Eat: Chunk             |     2 |     8 |    10 ||    20
       Ration            |       |       |     3 ||     3
Armor: Robe              |     2 |     5 |    33 ||    40
Dodge: Dodged            |    10 |    15 |   139 ||   164
